[Event "FIDE World Chess Grand Prix 2017"]
[Site "Sharjah"]
[Date "2017.02.19"]
[Round "2"]
[White "Mamedyarov, Shakhriyar"]
[Black "Tomashevsky, Evgeny"]
[Result "1-0"]
[ECO "E12"]
[WhiteElo "2766"]
[BlackElo "2711"]
[Annotator ""]
[PlyCount "73"]
[EventDate "2017.??.??"]
[EventType "swiss"]
[EventCountry "UAE"]
[SourceTitle "playchess.com"]
[Source "ChessBase"]
[SourceQuality "1"]
[TimeControl "40/6000+30:20/3000+30:900+30"]

1. d4 {()} Nf6 {(7)} 2. c4 {()} e6 {(
00:06)} 3. Nf3 {()} b6 {(9)} 4. a3 {()} Bb7
{(22)} 5. Nc3 {()} d5 {(25)} 6. Qc2 {(
00:06)} Nbd7 {(19:25)} 7. cxd5 {(1:57)} exd5 {(44)} 8.
Bf4 {(2:12)} a6 {(2:12)} 9. g3 {(6:52)} Be7 {(
04:25)} 10. Bg2 {(11:05)} O-O {(7:47)} 11. O-O {(31)}
Re8 {(2:51)} 12. Rac1 {(4:48)} c5 {(29:26)} 13. dxc5 {
(04:59)} bxc5 {(1:54)} 14. Ne5 {(28)} Bf8 {(5:
55)} 15. Qb3 {(16:40)} Qb6 {(6:49)} 16. Qxb6 {(2:53)}
Nxb6 {(1)} 17. Rfd1 {(1:39)} Ra7 {(4:49)} 18. e3 {
(00:41)} h6 {(1:43)} 19. h4 {(2:36)} Ba8 {(1:41)
} 20. Nd3 {(10:33)} Rd7 {(12:44)} 21. Bh3 {(11:21)} Rb7 {
(01:18)} 22. b4 {(4:36)} cxb4 {(2:36)} 23. axb4 {
(00:12)} d4 {(1:29)} 24. exd4 {(29)} Nbd5 {(
02)} 25. Be5 {(6:52)} Nxc3 {(1:15)} 26. Rxc3 {(5)}
Nd5 {(5)} 27. Rc4 {(4:52)} Nxb4 {(1:23)} 28. Nc5 {
(00:26)} Bxc5 {(35)} 29. dxc5 {(25)} Nc6 {(
01:50)} 30. Bc3 {(1:51)} Rbe7 {(24)} 31. Rd6 {(21)}
Rc7 {(38)} 32. Rg4 {(2:54)} f5 {(4)} 33. Rgg6 {
(04:17)} Ne5 {(31)} 34. Bxe5 {(7)} Rxe5 {(
00:01)} 35. c6 {(5)} Kh7 {(1:16)} 36. h5 {(1:51)}
Rc5 {(39)} 37. Bg2 {(39)} 1-0

[Event "FIDE World Chess Grand Prix 2017"]
[Site "Sharjah"]
[Date "2017.02.19"]
[Round "2"]
[White "Nepomniachtchi, Ian"]
[Black "Riazantsev, Alexander"]
[Result "1/2-1/2"]
[ECO "A06"]
[WhiteElo "2749"]
[BlackElo "2671"]
[Annotator ""]
[PlyCount "146"]
[EventDate "2017.??.??"]
[EventType "swiss"]
[EventCountry "UAE"]
[SourceTitle "playchess.com"]
[Source "ChessBase"]
[SourceQuality "1"]
[TimeControl "40/6000+30:20/3000+30:900+30"]

1. Nf3 {()} d5 {(31)} 2. g3 {()} c6 {(
01:20)} 3. c4 {(32)} Bg4 {(5:40)} 4. Ne5 {(24)} Be6
{(34)} 5. Bg2 {(27)} dxc4 {(4:48)} 6. Na3 {(
03:45)} g6 {(9:50)} 7. Qc2 {(6:38)} Bg7 {(1:08)} 8.
Naxc4 {(1:00)} Nf6 {(39:46)} 9. O-O {(1:32)} O-O {
(00:05)} 10. Rd1 {(1:45)} Nbd7 {(2:22)} 11. d4 {(
00:52)} Nxe5 {(2:46)} 12. Nxe5 {(4:41)} Qc8 {(6:23)}
13. b3 {(1:49)} Bh3 {(4:28)} 14. Bh1 {(59)} Ng4 {
(03:44)} 15. Nc4 {(1:27)} Rd8 {(1:33)} 16. Bb2 {(
00:12)} Qc7 {(2:03)} 17. e3 {(3:06)} Rac8 {(2:06)} 18.
Qe2 {(56)} Nf6 {(22)} 19. Rac1 {(1:17)} Bg4 {
(02:45)} 20. f3 {(57)} Bh3 {(2:50)} 21. Ne5 {(
01:03)} Qa5 {(6:41)} 22. Nd3 {(3:47)} h5 {(4:47)} 23.
a3 {(5:25)} Qb5 {(1:08)} 24. b4 {(1:46)} b6 {(
00:05)} 25. Kf2 {(5:10)} Be6 {(2:12)} 26. Nf4 {(7:06)}
Bb3 {(48)} 27. Rd2 {(2:32)} a5 {(54)} 28. Qd3 {
(03:46)} Ba4 {(1:34)} 29. Qxb5 {(3:59)} cxb5 {(
00:01)} 30. Rxc8 {(58)} Rxc8 {()} 31. d5 {(24)}
axb4 {(25)} 32. axb4 {(1:52)} Rc4 {(1)} 33. Bg2 {
(02:39)} g5 {(19)} 34. Ne2 {(39)} Rxb4 {(2:
28)} 35. Ba3 {(2:07)} Rc4 {()} 36. Bxe7 {(16)} b4
{(1)} 37. Bf1 {(53)} b3 {(15)} 38. Ba3 {(
00:05)} Rc2 {(1:51)} 39. Rxc2 {(1:04)} bxc2 {(1)}
40. e4 {()} g4 {(11)} 41. Bg2 {(7:45)} gxf3 {
(18:17)} 42. Bxf3 {(20)} Nd7 {(12:16)} 43. Bxh5 {
(09:21)} Ne5 {(17)} 44. d6 {(1:13)} Nc4 {(4:
10)} 45. Bb4 {(55)} Bh6 {(2:18)} 46. h4 {(5)} Bd7
{(3:24)} 47. g4 {(2:05)} c1=Q {(22)} 48. Nxc1 {
(00:06)} Bxc1 {(2)} 49. g5 {(17)} Be3+ {(4:
44)} 50. Kg3 {(14)} Bc5 {(13)} 51. Bxc5 {(7)}
bxc5 {(1)} 52. Kf4 {(15)} Nxd6 {(6:55)} 53. Ke5 {
(00:58)} Ne8 {(2:51)} 54. Kd5 {(1:41)} Ng7 {(
11)} 55. Be2 {(43)} Ne6 {(5)} 56. Kd6 {(1:01)} Bc8
{(40)} 57. Bc4 {(33)} Kg7 {(3)} 58. Bxe6 {
(00:59)} Bxe6 {(1:35)} 59. Kxc5 {(4)} Kg6 {(
01:26)} 60. Kd6 {()} Bg4 {(32)} 61. Ke7 {(1:08)}
Bf3 {(2:53)} 62. Kf8 {(17)} Bd1 {(1:23)} 63. Kg8 {
(00:09)} Be2 {(59)} 64. Kf8 {(6)} Bc4 {(
03)} 65. Ke7 {(16)} Be2 {(2:27)} 66. Kf8 {(6)} Bf3
{(3)} 67. Kg8 {(8)} Bd1 {(4:19)} 68. Kf8 {
(00:07)} Bb3 {(2)} 69. Ke7 {(7)} Bc4 {(
18)} 70. Kf8 {(6)} Kh5 {(11)} 71. Kg7 {(8)} Bb3
{(25)} 72. Kf6 {(5)} Bc4 {(8)} 73. Kg7 {
(00:05)} Bb3 {(3)} 1/2-1/2

[Event "FIDE World Chess Grand Prix 2017"]
[Site "Sharjah"]
[Date "2017.02.19"]
[Round "2"]
[White "Salem, A R  Saleh"]
[Black "Ding, Liren"]
[Result "0-1"]
[ECO "C50"]
[WhiteElo "2656"]
[BlackElo "2760"]
[Annotator ""]
[PlyCount "68"]
[EventDate "2017.??.??"]
[EventType "swiss"]
[EventCountry "UAE"]
[SourceTitle "playchess.com"]
[Source "ChessBase"]
[SourceQuality "1"]
[TimeControl "40/6000+30:20/3000+30:900+30"]

1. e4 {()} e5 {(14)} 2. Nf3 {()} Nc6 {
(00:03)} 3. Bc4 {()} Nf6 {(14)} 4. d3 {(
00)} Bc5 {(31)} 5. c3 {(3)} d6 {(40)} 6. Bg5 {
(00:41)} h6 {(2:43)} 7. Bh4 {(21)} g5 {(5:33)}
8. Bg3 {(23)} O-O {(10)} 9. Nbd2 {(44)} a6 {
(00:51)} 10. a4 {(1:47)} Ba7 {(2:08)} 11. O-O {(
00:33)} Nh7 {(2:49)} 12. h3 {(35)} Kh8 {(13:52)} 13.
d4 {(1:30)} g4 {(5:30)} 14. hxg4 {(19:55)} Bxg4 {
(00:06)} 15. Be2 {(13)} Rg8 {(5:57)} 16. Kh1 {(
06:41)} Qf6 {(4:30)} 17. d5 {(4:48)} Ne7 {(8:46)} 18.
Bh4 {(18:31)} Ng5 {(8)} 19. Nh2 {(1:41)} Bc8 {
(04:10)} 20. Bg4 {(18:08)} Qg6 {(9)} 21. Bh5 {(
07:27)} Qg7 {(3:49)} 22. g3 {(9:37)} Bh3 {(4:27)} 23.
Bxg5 {(11:23)} hxg5 {(7:36)} 24. Bg4 {(48)} Bxf1 {
(00:11)} 25. Qxf1 {(4)} Qg6 {(6:20)} 26. Kg2 {
(00:26)} Kg7 {(4)} 27. Nhf3 {(2:00)} Rh8 {(2:
52)} 28. a5 {(3)} Ng8 {(12:44)} 29. Qc4 {(2:02)} Nf6
{(29)} 30. Bf5 {(5)} Qh6 {(24)} 31. Qd3 {
(02:36)} Qh5 {(1:39)} 32. Rf1 {(2:21)} Rh6 {(2:
09)} 33. Re1 {(28)} Ng4 {(1:52)} 34. Bxg4 {(2)}
Qxg4 {(6)} 0-1

[Event "FIDE World Chess Grand Prix 2017"]
[Site "Sharjah"]
[Date "2017.02.20"]
[Round "3"]
[White "Adams, Michael"]
[Black "Eljanov, Pavel"]
[Result "1/2-1/2"]
[ECO "B31"]
[WhiteElo "2751"]
[BlackElo "2759"]
[Annotator ""]
[PlyCount "85"]
[EventDate "2017.??.??"]
[EventType "swiss"]
[EventCountry "UAE"]
[SourceTitle "playchess.com"]
[Source "ChessBase"]
[SourceQuality "1"]
[TimeControl "40/6000+30:20/3000+30:900+30"]

1. e4 {(0)} c5 {(7)} 2. Nf3 {(0)} Nc6 {(
00:04)} 3. Bb5 {(0)} g6 {(6)} 4. Bxc6 {(
00:00)} dxc6 {(5)} 5. d3 {(1:50)} Bg7 {(11)} 6. h3
{(9)} Nf6 {(7)} 7. Nc3 {(7)} O-O {(
09)} 8. Bf4 {(6:39)} Nh5 {(1:26)} 9. Bh2 {(2:47)} Bh6 {(
01:22)} 10. Ne5 {(22:21)} f6 {(7:58)} 11. Ng4 {(
00:06)} Bg7 {(2:15)} 12. Qd2 {(8:55)} e5 {(3:09)} 13.
O-O-O {(1:27)} a5 {(5:32)} 14. Ne2 {(2:17)} a4 {(
12:09)} 15. Kb1 {(1:13)} Kh8 {(12:18)} 16. Ne3 {(
08:43)} Bh6 {(8:49)} 17. Qc3 {(5:36)} Qe7 {(8:09)} 18.
Rhf1 {(7:11)} Bg7 {(10:43)} 19. Qd2 {(2:41)} f5 {(
04:21)} 20. exf5 {(5:27)} a3 {(2:10)} 21. b3 {(
01:25)} gxf5 {(8)} 22. g4 {(24)} fxg4 {(4:32)} 23.
hxg4 {(8)} Nf6 {(3:12)} 24. f3 {(4:12)} Nd5 {(
03:24)} 25. Ng3 {(4:51)} Qg5 {(8:58)} 26. Rde1 {(
09:37)} Qh6 {(2:04)} 27. Nh5 {(6:05)} e4 {(
52)} 28. Nxg7 {(1:19)} Qxg7 {(13)} 29. Nd1 {(2:37)}
e3 {(14)} 30. Rxe3 {(23)} Nxe3 {(5)} 31. Qxe3 {(
00:03)} Kg8 {(23)} 32. Be5 {(3:18)} Qe7 {(1:
34)} 33. Rh1 {(5)} Rxf3 {(1:03)} 34. Qxf3 {(7)}
Qxe5 {(4)} 35. Rh5 {(12)} Qg7 {(6:19)} 36. Qf4 {(
01:41)} h6 {(4)} 37. g5 {(9)} Qf7 {(1:08)
} 38. Qh4 {(55)} Qf3 {(1:23)} 39. Nf2 {(3:24)} Qe2 {(
01:28)} 40. Kc1 {(0)} Qe1+ {(21)} 41. Nd1 {(
00:26)} Qxh4 {(11)} 42. Rxh4 {(4)} hxg5 {(
00:05)} 43. Rh5 {(1:20)} 1/2-1/2

[Event "FIDE World Chess Grand Prix 2017"]
[Site "Sharjah"]
[Date "2017.02.20"]
[Round "3"]
[White "Ding, Liren"]
[Black "Hammer, Jon Ludvig"]
[Result "1/2-1/2"]
[ECO "A06"]
[WhiteElo "2760"]
[BlackElo "2628"]
[Annotator ""]
[PlyCount "95"]
[EventDate "2017.??.??"]
[EventType "swiss"]
[EventCountry "UAE"]
[SourceTitle "playchess.com"]
[Source "ChessBase"]
[SourceQuality "1"]
[TimeControl "40/6000+30:20/3000+30:900+30"]

1. Nf3 {(0)} d5 {(10)} 2. g3 {(0)} g6 {(
03:01)} 3. Bg2 {(1:25)} Bg7 {(10)} 4. O-O {(2:13)} e5
{(12)} 5. d3 {(4)} Ne7 {(24)} 6. e4 {(
05)} O-O {(10:11)} 7. exd5 {(4)} Nxd5 {(8)} 8. Re1
{(45)} Nc6 {(6)} 9. Nc3 {(9)} Nde7 {(
05)} 10. Rb1 {(16)} a5 {(4:59)} 11. a3 {(6)} Nf5 {(
18:47)} 12. b4 {(5:55)} axb4 {(19)} 13. axb4 {(
00:04)} Nfd4 {(15)} 14. Nd2 {(49)} Be6 {(10:
56)} 15. b5 {(10:05)} Na5 {(40)} 16. Nde4 {(3:49)} Qc8
{(36)} 17. Bg5 {(10:08)} f6 {(5:18)} 18. Be3 {(
03:11)} Rd8 {(43)} 19. Bxd4 {(4:36)} Rxd4 {(2:56)}
20. Qf3 {(1:05)} Qf8 {(1:36)} 21. b6 {(2:40)} c6 {(
06:17)} 22. Qe3 {(5:09)} Bd7 {(16:59)} 23. Ne2 {(
27:12)} f5 {(29)} 24. c3 {(1:00)} Bh6 {(9:29)} 25. f4
{(3:01)} Rxe4 {(14)} 26. dxe4 {(14)} Nc4 {(
00:14)} 27. Qd3 {(9:55)} Be6 {(8)} 28. Red1 {(3:06)}
Ra2 {(7:05)} 29. Kh1 {(1:08)} Nb2 {(9:23)} 30. Qd6 {(
01:02)} Nxd1 {(3)} 31. Qxe6+ {(4)} Qf7 {(
00:05)} 32. Qxf7+ {(3:20)} Kxf7 {(2)} 33. Rxd1 {(
07)} Rxe2 {(2)} 34. Bf1 {(4:13)} Rxe4 {(4:01)} 35.
Rd7+ {(4)} Kf6 {(1:02)} 36. Rxb7 {(7)} exf4 {(
00:12)} 37. Rxh7 {(5:13)} Re1 {(12)} 38. Kg2 {(
00:51)} Bg7 {(5)} 39. b7 {(3:10)} Rb1 {(
02)} 40. Ba6 {(0)} fxg3 {(1:06)} 41. hxg3 {(2:50)}
Rb6 {(14:06)} 42. Kf3 {(6:24)} g5 {(1:48)} 43. Ke3 {(
02:56)} Bf8 {(8:20)} 44. Kd4 {(4:31)} Bd6 {(
33)} 45. Rh6+ {(5:10)} Ke7 {(15)} 46. Rh7+ {(8:00)}
Kf6 {(2)} 47. Rh6+ {(4)} Ke7 {(8)} 48. Rh7+ {(
11:33)} 1/2-1/2

[Event "FIDE World Chess Grand Prix 2017"]
[Site "Sharjah"]
[Date "2017.02.20"]
[Round "3"]
[White "Grischuk, Alexander"]
[Black "Aronian, Levon"]
[Result "1/2-1/2"]
[ECO "C88"]
[WhiteElo "2742"]
[BlackElo "2785"]
[Annotator ""]
[PlyCount "39"]
[EventDate "2017.??.??"]
[EventType "swiss"]
[EventCountry "UAE"]
[SourceTitle "playchess.com"]
[Source "ChessBase"]
[SourceQuality "1"]
[TimeControl "40/6000+30:20/3000+30:900+30"]

1. e4 {(0)} e5 {(8)} 2. Nf3 {(0)} Nc6 {(
00:07)} 3. Bb5 {(0)} a6 {(7)} 4. Ba4 {(
05)} Nf6 {(7)} 5. O-O {(7)} Be7 {(5)} 6. Re1 {(
00:19)} b5 {(6)} 7. Bb3 {(2)} O-O {(8]
} 8. a3 {(34)} Bc5 {(4:27)} 9. c3 {(1:28)} Bb6 {(
01:37)} 10. d4 {(1:03)} Re8 11. Bg5 {(1:05:31)} d6 {(
07:29)} 12. Qd3 {(14:08)} Na5 {(13:54)} 13. Bd5 {(
07:15)} c6 {(37)} 14. Ba2 {(2)} c5 {(49)} 15.
dxc5 {(6:39)} dxc5 {(8)} 16. Qxd8 {(3)} Bxd8 {(
00:53)} 17. b4 {(5)} Nb7 {(1:48)} 18. c4 {(
03:48)} bxc4 {(2:23)} 19. Bxc4 {(47)} cxb4 {(2:15)}
20. axb4 {(27)} 1/2-1/2

[Event "FIDE World Chess Grand Prix 2017"]
[Site "Sharjah"]
[Date "2017.02.20"]
[Round "3"]
[White "Hou, Yifan"]
[Black "Jakovenko, Dmitry"]
[Result "1/2-1/2"]
[ECO "C50"]
[WhiteElo "2651"]
[BlackElo "2709"]
[Annotator ""]
[PlyCount "68"]
[EventDate "2017.??.??"]
[EventType "swiss"]
[EventCountry "UAE"]
[SourceTitle "playchess.com"]
[Source "ChessBase"]
[SourceQuality "1"]
[TimeControl "40/6000+30:20/3000+30:900+30"]

1. e4 {(0)} e5 {(7)} 2. Nf3 {(0)} Nc6 {(
00:04)} 3. Bc4 {(0)} Bc5 {(5)} 4. O-O {(
00:00)} Nf6 {(7)} 5. d3 {(0)} d6 {(19)} 6. c3 {(
00:18)} a6 {(7)} 7. a4 {(17)} h6 {(22)}
8. Nbd2 {(2:28)} O-O {(18)} 9. h3 {(51)} Be6 {(
03:28)} 10. b4 {(13:15)} Ba7 {(5)} 11. Bxe6 {(
04:24)} fxe6 {(4)} 12. Nc4 {(28)} Qe8 {(16:43)} 13.
Be3 {(11:51)} Bxe3 {(1:47)} 14. Nxe3 {(3:30)} Nh5 {(
01:19)} 15. g3 {(4:30)} Rd8 {(5:42)} 16. Qe2 {(
07:31)} Nf6 {(10:12)} 17. Kg2 {(7:39)} Ne7 {(6:10)} 18.
Ng4 {(10:03)} Ng6 {(3:55)} 19. Nxf6+ {(6:48)} Rxf6 {(
00:13)} 20. a5 {(18)} Qc6 {(12:32)} 21. Rac1 {(
01:51)} Rf7 {(7:00)} 22. h4 {(3:08)} Nf8 {(2:01)} 23.
d4 {(10:45)} Nd7 {(4:26)} 24. dxe5 {(4:23)} Nxe5 {(
01:25)} 25. Nd4 {(3:26)} Qc4 {(2:46)} 26. Qxc4 {(
02:24)} Nxc4 {(28)} 27. Nxe6 {(1:16)} Re8 {(
00:35)} 28. Nf4 {(5)} Rxe4 {(48)} 29. Rfe1 {(5)
} Rfe7 {(1:49)} 30. Rxe4 {(4)} Rxe4 {(4)} 31. Rd1
{(10)} Kf7 {(4:54)} 32. h5 {(40)} Ne5 {(6:
38)} 33. Nd5 {(5:33)} c6 {(4:38)} 34. Ne3 {(1:19)} d5 {(
06:40)} 1/2-1/2

[Event "FIDE World Chess Grand Prix 2017"]
[Site "Sharjah"]
[Date "2017.02.20"]
[Round "3"]
[White "Nakamura, Hikaru"]
[Black "Rapport, Richard"]
[Result "1-0"]
[ECO "D07"]
[WhiteElo "2785"]
[BlackElo "2692"]
[Annotator ""]
[PlyCount "109"]
[EventDate "2017.??.??"]
[EventType "swiss"]
[EventCountry "UAE"]
[SourceTitle "playchess.com"]
[Source "ChessBase"]
[SourceQuality "1"]
[TimeControl "40/6000+30:20/3000+30:900+30"]

1. d4 {(0)} d5 {(17)} 2. c4 {(0)} Nc6 {(
00:04)} 3. Nf3 {(0)} Bg4 {(8)} 4. cxd5 {(0)}
Bxf3 {(5)} 5. gxf3 {(6)} Qxd5 {(5)} 6. e3 {(
00:06)} e5 {(34)} 7. Nc3 {(14)} Bb4 {(5]
} 8. Bd2 {(5)} Bxc3 {(5)} 9. bxc3 {(6)} Qd7 {(
00:06)} 10. Rb1 {(11)} O-O-O {(37)} 11. Bg2 {(
39:51)} Nge7 {(2:12)} 12. Qb3 {(4:11)} b6 {(
40)} 13. Qxf7 {(2:40)} Rhf8 {(20)} 14. Qc4 {(5:43)}
Kb8 {(6:32)} 15. O-O {(15:14)} g5 {(12:05)} 16. Rb5 {(
02:09)} Rf6 {(23:57)} 17. e4 {(10:34)} h6 {(6:58]
} 18. dxe5 {(5:51)} Na5 {(11:29)} 19. Qe2 {(8:36)} Rc6 {(
01:01)} 20. Be3 {(33)} Ng6 {(2:03)} 21. Rd5 {(
03:54)} Qe7 {(6)} 22. Rfd1 {(2:11)} Rf8 {(1:34)} 23.
Qb5 {(2:17)} Qe6 {(16:59)} 24. Rd8+ {(3:29)} Rxd8 {(
00:07)} 25. Rxd8+ {(1)} Kb7 {(2)} 26. Qd5 {(
00:41)} Nc4 {(30)} 27. Qxe6 {(1:48)} Rxe6 {(
00:04)} 28. Bh3 {(41)} Rxe5 {(5)} 29. Bc8+ {(2)
} Kc6 {(5)} 30. Bd7+ {(4)} Kb7 {(22)} 31. Bc8+
{(6)} Kc6 {(2)} 32. Bd7+ {(56)} Kb7 {(
00:02)} 33. Bd4 {(29)} Ra5 {(47)} 34. Bc8+ {(9)}
Kc6 {(1)} 35. Bd7+ {(5)} Kb7 {(2)} 36. Bc8+ {(
01:02)} Kc6 {(1)} 37. Be6 {(1:01)} Kb5 {(
03)} 38. Bd7+ {(2:07)} c6 {(8)} 39. Be8 {(2)} Nf4
{(20)} 40. h4 {(0)} Nd2 {(2:45)} 41. Kh2 {(
04:12)} gxh4 {(8:57)} 42. Be3 {(2:33)} Nxf3+ {(6:24)}
43. Kh1 {(12)} Nh3 {(12:27)} 44. Bh5 {(14:20)} Nxf2+ {(
04:48)} 45. Bxf2 {(14)} Rxa2 {(4)} 46. Bxf3 {(
03:25)} Rxf2 {(7)} 47. Rd3 {(6:50)} Kc4 {(
48)} 48. Re3 {(2:06)} Rd2 {(4)} 49. e5 {(25)} Rd7
{(7)} 50. e6 {(23)} Re7 {(4)} 51. Bxc6 {(
00:08)} a5 {(9)} 52. Re4+ {(2:07)} Kxc3 {(
32)} 53. Bb5 {(15)} a4 {(42)} 54. Bxa4 {(10)} Kd3
{(3)} 55. Re1 {(48)} 1-0

[Event "FIDE World Chess Grand Prix 2017"]
[Site "Sharjah"]
[Date "2017.02.20"]
[Round "3"]
[White "Vachier-Lagrave, Maxime"]
[Black "Mamedyarov, Shakhriyar"]
[Result "1/2-1/2"]
[ECO "C84"]
[WhiteElo "2796"]
[BlackElo "2766"]
[Annotator ""]
[PlyCount "101"]
[EventDate "2017.??.??"]
[EventType "swiss"]
[EventCountry "UAE"]
[SourceTitle "playchess.com"]
[Source "ChessBase"]
[SourceQuality "1"]
[TimeControl "40/6000+30:20/3000+30:900+30"]

1. e4 {(0)} e5 {(7)} 2. Nf3 {(0)} Nc6 {(
00:07)} 3. Bb5 {(0)} a6 {(6)} 4. Ba4 {(
00)} Nf6 {(9)} 5. O-O {(0)} Be7 {(9)} 6. d3 {(
01:26)} b5 {(56)} 7. Bb3 {(4)} d6 {(5)}
8. a3 {(16)} O-O {(8)} 9. Nc3 {(47)} Na5 {(
00:12)} 10. Ba2 {(54)} Be6 {(2)} 11. b4 {(
01:08)} Bxa2 {(5:03)} 12. Rxa2 {(1:52)} Nc6 {(2)}
13. Bg5 {(29)} Nd7 {(5)} 14. Be3 {(1:46)} Nf6 {(
00:12)} 15. Bg5 {(15:38)} Nd7 {(12)} 16. Be3 {(
00:05)} Nf6 {(7)} 17. Qb1 {(1:09)} d5 {(4:53)} 18.
exd5 {(49)} Nxd5 {(5)} 19. Nxd5 {(7)} Qxd5 {(
00:03)} 20. c4 {(3:36)} bxc4 {(4:48)} 21. dxc4 {(
00:15)} Qe6 {(8)} 22. Qe4 {(28:15)} Rad8 {(3:
53)} 23. g4 {(17)} h5 {(10)} 24. g5 {(9:43)} Qg4+ {(
15:15)} 25. Qxg4 {(11)} hxg4 {(2)} 26. Nh4 {(
00:08)} g6 {(20)} 27. Kh1 {(4:37)} e4 {(5:40)
} 28. Rg1 {(5)} Ne5 {(8)} 29. Bf4 {(33)} Nxc4 {(
02:01)} 30. Rxg4 {(33)} c5 {(18:37)} 31. bxc5 {(
03:38)} Bxc5 {(12)} 32. Rc2 {(8)} Rd4 {(
09)} 33. Rg3 {(5:58)} Re8 {(5:04)} 34. Kg2 {(6:59)} Bf8
{(5:42)} 35. Rgc3 {(2:51)} Nxa3 {(1:57)} 36. Ra2 {(
00:55)} Rd3 {(2:29)} 37. Rc6 {(8)} a5 {(
22)} 38. Nxg6 {(1:33)} fxg6 {(12)} 39. Rxg6+ {(5)}
Kh7 {(1:16)} 40. Rc6 {(0)} Bb4 {(2:47)} 41. h4 {(
04:56)} Nb5 {(52)} 42. h5 {(1:41)} Nc3 {(6:
30)} 43. Rc2 {(26)} Nd5 {(20)} 44. g6+ {(5)} Kg8
{(42)} 45. Bg5 Rf3 {(36:01)} 46. h6 {(7:37)} Nf4+ {(
16:55)} 47. Bxf4 {(7:03)} Rxf4 {(7)} 48. Rc8 {(
00:05)} Rxc8 {(2:55)} 49. Rxc8+ {(6)} Rf8 {(
00:03)} 50. Rc7 {(11)} Rf6 {(5)} 51. Rc8+ {(5)}
1/2-1/2

[Event "FIDE World Chess Grand Prix 2017"]
[Site "Sharjah"]
[Date "2017.02.20"]
[Round "3"]
[White "Vallejo Pons, Francisco"]
[Black "Nepomniachtchi, Ian"]
[Result "1/2-1/2"]
[ECO "A05"]
[WhiteElo "2709"]
[BlackElo "2749"]
[Annotator ""]
[PlyCount "52"]
[EventDate "2017.??.??"]
[EventType "swiss"]
[EventCountry "UAE"]
[SourceTitle "playchess.com"]
[Source "ChessBase"]
[SourceQuality "1"]
[TimeControl "40/6000+30:20/3000+30:900+30"]

1. Nf3 {(0)} Nf6 {(14)} 2. c4 {(0)} c5 {(
00:06)} 3. g3 {(0)} Nc6 {(27)} 4. Nc3 {(
53)} d5 {(30)} 5. d4 {(43)} e6 {(4:30)} 6. cxd5 {(
00:34)} Nxd5 {(39)} 7. Bg2 {(35)} Be7 {(1:
33)} 8. O-O {(46)} O-O {(5)} 9. e4 {(50)} Ndb4 {(
01:43)} 10. d5 {(3:12)} exd5 {(24)} 11. exd5 {(
00:08)} Nd4 {(4)} 12. Nxd4 {(1:47)} cxd4 {(
00:08)} 13. a3 {(20)} dxc3 {(7)} 14. axb4 {(3)}
Bf6 {(4:54)} 15. Qb3 {(14:32)} cxb2 {(1:03)} 16. Bxb2 {(
00:36)} Bxb2 {(5)} 17. Qxb2 {(10)} Qd6 {(
02:55)} 18. Qd4 {(5:42)} b6 {(20)} 19. Rfc1 {(12:09)}
Bb7 {(33)} 20. b5 {(16:01)} Rfd8 {(59)} 21. Rc3 {(
10:49)} h6 {(3:25)} 22. Rca3 {(5:23)} Rac8 {(1:
08)} 23. Rxa7 {(3:33)} Bxd5 {(12)} 24. Bxd5 {(1:39)}
Qxd5 {(2)} 25. Qxb6 {(36)} Rb8 {(2)} 26. Qc6 {(
01:47)} Qxb5 {(12)} 1/2-1/2

[Event "FIDE World Chess Grand Prix 2017"]
[Site "Sharjah"]
[Date "2017.02.20"]
[Round "3"]
[White "Tomashevsky, Evgeny"]
[Black "Salem, A R  Saleh"]
[Result "1/2-1/2"]
[ECO "A48"]
[WhiteElo "2711"]
[BlackElo "2656"]
[Annotator ""]
[PlyCount "45"]
[EventDate "2017.??.??"]
[EventType "swiss"]
[EventCountry "UAE"]
[SourceTitle "playchess.com"]
[Source "ChessBase"]
[SourceQuality "1"]
[TimeControl "40/6000+30:20/3000+30:900+30"]

1. d4 {(0)} Nf6 {(8)} 2. Nf3 {(0)} g6 {(
00:05)} 3. Bf4 {(0)} Bg7 {(14)} 4. c3 {(
00)} O-O {(2:04)} 5. e3 {(15)} d6 {(4:06)} 6. h3 {(
00:33)} Nc6 {(8)} 7. Be2 {(5:30)} Nd7 {(1:
02)} 8. O-O {(15:30)} e5 {(6)} 9. Bh2 {(4)} f5 {(
01:33)} 10. a4 {(2:15)} Qe7 {(9:28)} 11. Na3 {(
13:29)} Nd8 {(2:00)} 12. dxe5 {(9:58)} Nxe5 {(5:00)}
13. Nc4 {(9:48)} Nxf3+ {(31:12)} 14. Bxf3 {(43)} Nf7 {(
00:21)} 15. Bd5 {(12:01)} Be6 {(3:31)} 16. Na5 {(
01:26)} Bxd5 {(7:37)} 17. Qxd5 {(14)} c6 {(4)} 18.
Qb3 {(2:02)} Be5 {(5)} 19. Bxe5 {(13:56)} Qxe5 {(
00:14)} 20. Qb4 {(4)} Rad8 {(7:34)} 21. Rad1 {(
01:31)} Rd7 {(1:47)} 22. Nb3 {(2:00)} Ng5 {(9:
31)} 23. Qd4 {(4:58)} 1/2-1/2

[Event "FIDE World Chess Grand Prix 2017"]
[Site "Sharjah"]
[Date "2017.02.20"]
[Round "3"]
[White "Riazantsev, Alexander"]
[Black "Li, Chao b"]
[Result "1/2-1/2"]
[ECO "D71"]
[WhiteElo "2671"]
[BlackElo "2720"]
[Annotator ""]
[PlyCount "40"]
[EventDate "2017.??.??"]
[EventType "swiss"]
[EventCountry "UAE"]
[SourceTitle "playchess.com"]
[Source "ChessBase"]
[SourceQuality "1"]
[TimeControl "40/6000+30:20/3000+30:900+30"]

1. d4 {(0)} Nf6 {(10)} 2. c4 {(0)} g6 {(
00:08)} 3. g3 {(27)} c6 {(1:27)} 4. Nf3 {(1:21)} Bg7
{(49)} 5. Bg2 {(7)} d5 {(11)} 6. b3 {(
09)} O-O {(1:05)} 7. O-O {(10)} Ne4 {(1:00)} 8. Bb2 {(
00:26)} Bf5 {(13)} 9. e3 {(20)} Nd7 {(30)
} 10. Qe2 {(41)} a5 {(5:14)} 11. Nc3 {(15:52)} Nxc3 {(
03:28)} 12. Bxc3 {(6)} Be4 {(4:37)} 13. Rfc1 {(
02:54)} e6 {(19)} 14. Bf1 {(46)} Bxf3 {(
12)} 15. Qxf3 {(4)} Re8 {(1:26)} 16. Rab1 {(24:09)}
Bf8 {(1:45)} 17. Rd1 {(55)} Qc7 {(2:43)} 18. e4 {(
06:45)} dxe4 {(1:23)} 19. Qxe4 {(1)} Bg7 {(
00:52)} 20. Bg2 {(27)} Nb6 {(2:57)} 1/2-1/2

[Event "FIDE World Chess Grand Prix 2017"]
[Site "Sharjah"]
[Date "2017.02.21"]
[Round "4"]
[White "Aronian, Levon"]
[Black "Riazantsev, Alexander"]
[Result "1/2-1/2"]
[ECO "A13"]
[WhiteElo "2785"]
[BlackElo "2671"]
[Annotator ""]
[PlyCount "74"]
[EventDate "2017.??.??"]
[EventType "swiss"]
[EventCountry "UAE"]
[SourceTitle "playchess.com"]
[Source "ChessBase"]
[SourceQuality "1"]
[TimeControl "40/6000+30:20/3000+30:900+30"]

1. c4 {(0)} e6 {(40)} 2. Nc3 {(0)} Bb4 {
(00:36)} 3. Qb3 {(11)} a5 {(36)} 4. a3 {(6:
18)} Bxc3 {(10)} 5. Qxc3 {(4)} Nf6 {(8)} 6. b3
{(14)} O-O {(1:51)} 7. Bb2 {(15)} d6 {(2:
06)} 8. e3 {(3:16)} e5 {(3:31)} 9. d4 {(2:20)} Nc6 {
(13:40)} 10. dxe5 {(6:32)} dxe5 {(3:01)} 11. Bd3 {
(01:13)} Bg4 {(13:17)} 12. Ne2 {(8:23)} Bh5 {(1:
16)} 13. Ng3 {(23)} Bg6 {(17)} 14. Be2 {(5)} h5
{(17:09)} 15. h4 {(2:39)} Re8 {(6)} 16. Rd1 {(
19:48)} Qe7 {(1:40)} 17. O-O {(24)} Ne4 {(13:13)} 18.
Nxe4 {(59)} Bxe4 {(3)} 19. g3 {(6:07)} Qf6 {
(06:18)} 20. f3 {(5:53)} Bf5 {(2:04)} 21. b4 {(
02:06)} Qg6 {(4:44)} 22. Kh2 {(5:01)} axb4 {(1:12)} 23.
axb4 {(6)} Nd4 {(1:17)} 24. exd4 {(3:46)} exd4 {
(00:09)} 25. Qd2 {(3:08)} d3 {(1:22)} 26. Rfe1 {(
01:25)} dxe2 {(1:25)} 27. Rxe2 {(55)} Rxe2+ {(1:01)}
28. Qxe2 {(6)} Be6 {(10)} 29. Rd2 {(15:19)} Qf5 {
(07:15)} 30. Qe5 {(1:24)} Qxe5 {(2:21)} 31. Bxe5 {
(00:05)} c6 {(24)} 32. Rc2 {(5)} Ra4 {(2:
24)} 33. Bd6 {(2:04)} Ra3 {(7)} 34. Kg2 {(31)} Rd3
{(6)} 35. Bc5 {(1:56)} Kh7 {(6:06)} 36. Kf2 {
(00:13)} Kg6 {(21)} 37. b5 {(1:01)} cxb5 1/2-1/2